 Dungeon Crawl Stone Soup version 0.31-a0-1321-g5021b54cb2 (webtiles) character file.

Game seed: 9292106465456157201

2317 jlumianski the Grappler (level 9, -1/102 HPs)
             Began as a Gnoll Shapeshifter on Dec 21, 2023.
             Succumbed to a killer bee's poison
             ... on level 6 of the Dungeon.
             The game lasted 00:24:43 (5849 turns).

jlumianski the Grappler (Gnoll Shapeshifter)        Turns: 5849, Time: 00:24:44

Health: -1/102     AC:  5    Str: 15    XL:     9   Next: 41%
Magic:  11/15      EV: 18    Int: 12    God:
Gold:   268        SH:  0    Dex: 12    Spells: 12/16 levels left

rFire   . .          .
                       - Unarmed
rCold   . . .        (shield currently unavailable)
rNeg    . . .        y - melded +0 chain mail {rN+}
rPois   +            K - +1 helmet
rElec   .            J - +2 cloak
rCorr   .            (no gloves)
SInv    .            (no boots)
Will    +....        (no amulet) Stlth
                     o - ring of willpower
HPRegen 0.37/turn    H - ring of poison resistance
MPRegen 0.14/turn

%: no passive effects
@: berserking, lethally poisoned (-1 -> -8), flux-form, fugue, glowing, very
quick
A: glow, contaminating, fangs 1, strong nose, distributed training
a: Begin Untransformation


You were on level 6 of the Dungeon.
You were something dangerously unstable.
You visited 2 branches of the dungeon, and saw 8 of its levels.

You collected 268 gold pieces.

Inventory:

Hand Weapons
 b - a +0 vampiric dagger
 l - a +0 sling
 G - a +3 flail of protection
Missiles
 f - 13 boomerangs (quivered)
 q - 3 poisoned darts
Armour
 a - a +0 animal skin
 g - a +0 chain mail
 w - a +3 leather armour
 y - a +0 chain mail of positive energy (melded)
 D - a +1 ring mail of cold resistance
 J - a +2 cloak (worn)
 K - a +1 helmet (worn)
Magical Staves
 u - a staff of fire
Jewellery
 o - a ring of willpower (left hand)
 H - a ring of poison resistance (right hand)
Talismans
 c - a beast talisman
 d - a flux talisman (active)
Wands
 B - a wand of digging (4)
Scrolls
 e - a scroll of fear
 j - a scroll of brand weapon
 n - 2 scrolls of amnesia {unknown}
 t - 3 scrolls of teleportation {unknown}
 v - a scroll of vulnerability {unknown}
 C - a scroll of acquirement {unknown}
 E - a scroll of immolation {unknown}
 F - 2 scrolls of torment {unknown}
Potions
 h - 2 potions of mutation
 k - a potion of attraction {unknown}
 m - a potion of heal wounds
 p - 2 potions of brilliance
 s - a potion of degeneration
 x - 2 potions of might {unknown}
 z - a potion of enlightenment
 A - a potion of invisibility {unknown}
 I - a potion of lignification


   Skills:
 + Level 5.1 Fighting
 + Level 4.4 Short Blades
 + Level 4.4 Long Blades
 + Level 4.4 Axes
 + Level 4.4 Maces & Flails
 + Level 4.4 Polearms
 + Level 4.4 Staves
 + Level 4.4 Ranged Weapons
 + Level 4.4 Throwing
 + Level 4.4 Armour
 + Level 6.4 Dodging
 + Level 4.4 Stealth
 + Level 4.4 Shields
 + Level 8.0 Unarmed Combat
 + Level 4.4 Spellcasting
 + Level 3.6 Conjurations
 + Level 3.6 Hexes
 + Level 3.6 Summonings
 + Level 3.6 Necromancy
 + Level 3.6 Translocations
 + Level 3.6 Fire Magic
 + Level 3.6 Ice Magic
 + Level 3.6 Air Magic
 + Level 3.6 Earth Magic
 + Level 3.6 Alchemy
 + Level 4.8 Invocations
 + Level 4.4 Evocations
 + Level 7.7 Shapeshifting


You had 12 spell levels left.
You knew the following spells:

 Your Spells              Type           Power      Damage    Failure   Level
a - Fugue of the Fallen   Necr           11%        N/A       14%         3
b - Foxfire               Conj/Fire      44%        2x1d6     4%          1

Your spell library contained the following spells:

 Spells                   Type           Power      Damage    Failure   Level
 Apportation              Tloc           22%        N/A       4%          1
 Jinxbite                 Hex            22%        N/A       8%          2
 Inner Flame              Hex/Fire       11%        N/A       14%         3
 Ozocubu's Armour         Ice            11%        N/A       14%         3
 Anguish                  Hex/Necr       5%         N/A       43%         4
 Cause Fear               Hex            5%         N/A       43%         4
 Manifold Assault         Tloc           11%        N/A       43%         4
 Alistair's Intoxication  Alch           7%         N/A       80%         5
 Irradiate                Conj/Alch      5%         3d13      80%         5
 Plasma Beam              Fire/Air       5%         2x1d16    100%        6
 Starburst                Conj/Fire      5%         6d4       100%        6
 Enfeeble                 Hex            5%         N/A       100%        7
 Ignition                 Fire           5%         3d4       100%        8


Dungeon Overview and Level Annotations

Branches:
Dungeon (7/15)             Temple (1/1) D:4

Altars:
Elyvilon
Fedhas
Gozag
Hepliaklqana
Kikubaaqudgha
Makhleb
Nemelex Xobeh
Okawaru
Qazlal
Ru
Sif Muna
Trog
Vehumet
Yredelemnul
The Shining One

Shops:
D:2 :


Innate Abilities, Weirdness & Mutations

You are something dangerously unstable.
You glow with magical radiation, making you easy to see and hit.
Foes you strike become dangerously contaminated with magical radiation.
You are incapable of wielding weapons or throwing items.
You have very sharp teeth.
Your uncanny sense of smell can sniff out nearby items.
Your experience applies equally to all skills.


Message History

The killer bee barely misses you. The killer bee stings you.
Your Unarmed Combat skill increases to level 8!
You miss the killer bee. The killer bee stings you. x2
* * * LOW HITPOINT WARNING * * *
The killer bee closely misses you. x2
You closely miss the killer bee. The killer bee barely misses you.
The killer bee closely misses you. The killer bee misses you.
You closely miss the killer bee. Your bite misses the killer bee.
The wailing of tortured souls fills the air!
The killer bee barely misses you. The killer bee stings you.
* * * LOW HITPOINT WARNING * * *
The killer bee stings you.
* * * LOW HITPOINT WARNING * * *
You are poisoned.
The killer bee poisons you!
You feel better. The killer bee stings you!
* * * LOW HITPOINT WARNING * * *
The killer bee stings you.
* * * LOW HITPOINT WARNING * * *
The killer bee stings you but does no damage.
The killer bee misses you.
A red film seems to cover your vision as you go berserk!
You feel yourself moving faster!
You feel mighty! The killer bee stings you.
* * * LOW HITPOINT WARNING * * *
The killer bee misses you. The killer bee closely misses you.
The killer bee stings you.
* * * LOW HITPOINT WARNING * * *
You barely miss the killer bee.
The killer bee is moderately wounded.
The killer bee closely misses you.
The killer bee stings you but does no damage.
You hit the killer bee.
The killer bee begins to glow.
You bite the killer bee!
The killer bee is almost dead.
The killer bee barely misses you. The killer bee stings you.
* * * LOW HITPOINT WARNING * * *
You are lethally poisoned!
The killer bee poisons you! The killer bee barely misses you.
You punch the killer bee!
You kill the killer bee!
You die...

∆ #............ ##.......
#.........#####.....>..
#.##...........#.##.......
#.........................
#...............#....#.###
...........#.##.##....### #
..........#####.......# #
........Sy#........##<#####
........y.p............#...
.........##..##...###......
..##...... ..#....##.......
#.##..# ...... #........
... ... #.##..##........ #.
.... ###..#......... .....
#.>.........
.................
...####..........


You could see 2 killer bees and an adder.

Vanquished Creatures
  Pikel (D:5)
  Grinder (D:3)
  Prince Ribbit (D:6)
  Sigmund (D:2)
  Edmund (D:5)
  Duvessa (D:5)
  A sky beast (D:7)
  2 ogres (D:5)
  2 phantoms
  Dowan (D:6)
  2 killer bees (D:6)
  A jelly (D:5)
  A hound (D:3)
  3 orc priests
  2 iguanas (D:5)
  2 sleepcaps
  5 orc wizards
  4 gnolls (D:4)
  6 adders
  A shadow imp (D:5)
  A worm (D:5)
  4 dart slugs
  26 orcs
  10 ball pythons
  4 bats
  7 endoplasms
  3 giant cockroaches
  2 hobgoblins
  2 quokkas
  5 frilled lizards
  5 goblins
  10 kobolds
  9 rats
127 creatures vanquished.

Vanquished Creatures (others)
  9 foxfires (D:6)
9 creatures vanquished.

Grand Total: 136 creatures vanquished

Notes
Turn   | Place    | Note
-------+----------+-------------------------------------------
     0 | D:1      | jlumianski the Gnoll Shapeshifter began the quest for the
                  | Orb.
     0 | D:1      | Reached XP level 1. HP: 17/17 MP: 1/1
   120 | D:2      | Reached XP level 2. HP: 23/23 MP: 2/2
   372 | D:2      | Reached XP level 3. HP: 25/28 MP: 3/3
   375 | D:2      | Reached skill level 1 in Short Blades
   375 | D:2      | Reached skill level 1 in Long Blades
   375 | D:2      | Reached skill level 1 in Axes
   375 | D:2      | Reached skill level 1 in Maces & Flails
   375 | D:2      | Reached skill level 1 in Polearms
   375 | D:2      | Reached skill level 1 in Staves
   375 | D:2      | Reached skill level 1 in Ranged Weapons
   375 | D:2      | Reached skill level 1 in Throwing
   375 | D:2      | Reached skill level 1 in Armour
   375 | D:2      | Reached skill level 1 in Stealth
   375 | D:2      | Reached skill level 1 in Shields
   375 | D:2      | Reached skill level 1 in Spellcasting
   375 | D:2      | Reached skill level 1 in Invocations
   375 | D:2      | Reached skill level 1 in Evocations
   381 | D:2      | Reached skill level 1 in Conjurations
   381 | D:2      | Reached skill level 1 in Hexes
   381 | D:2      | Reached skill level 1 in Summonings
   381 | D:2      | Reached skill level 1 in Necromancy
   381 | D:2      | Reached skill level 1 in Translocations
   381 | D:2      | Reached skill level 1 in Fire Magic
   381 | D:2      | Reached skill level 1 in Ice Magic
   381 | D:2      | Reached skill level 1 in Air Magic
   381 | D:2      | Reached skill level 1 in Earth Magic
   381 | D:2      | Reached skill level 1 in Alchemy
   381 | D:2      | Reached XP level 4. HP: 33/34 MP: 3/5
   524 | D:2      | Found Vesitio's Book Shop.
   567 | D:2      | Noticed Sigmund
   623 | D:2      | Killed Sigmund
   624 | D:2      | Reached XP level 5. HP: 27/41 MP: 5/7
   624 | D:2      | Reached XP level 6. HP: 32/47 MP: 5/8
   685 | D:2      | Reached skill level 5 in Dodging
  2710 | D:4      | Noticed Grinder
  2711 | D:5      | Entered Level 5 of the Dungeon
  2860 | D:5      | Reached skill level 7 in Unarmed Combat
  2860 | D:5      | Reached XP level 7. HP: 44/52 MP: 10/10
  2891 | D:4      | Paralysed by Grinder for 2 turns
  2905 | D:3      | Killed Grinder
  3232 | D:4      | Reached XP level 8. HP: 58/60 MP: 12/12
  3359 | D:4      | Found a bloodstained altar of Trog.
  3601 | D:4      | Found a staircase to the Ecumenical Temple.
  3610 | Temple   | Entered the Ecumenical Temple
  3879 | D:5      | Noticed Edmund
  3902 | D:5      | Killed Edmund
  4066 | D:5      | Noticed Pikel
  4092 | D:5      | Killed Pikel
  4693 | D:6      | Noticed Duvessa
  4699 | D:5      | Reached XP level 9. HP: 26/67 MP: 14/14
  4831 | D:6      | Noticed Dowan
  5036 | D:6      | Killed Dowan
  5425 | D:5      | Killed Duvessa
  5426 | D:5      | Reached skill level 5 in Fighting
  5689 | D:7      | Learned a level 3 spell: Fugue of the Fallen
  5714 | D:7      | Learned a level 1 spell: Foxfire
  5783 | D:6      | Noticed Prince Ribbit
  5789 | D:6      | Killed Prince Ribbit
  5842 | D:6      | Reached skill level 8 in Unarmed Combat
  5848 | D:6      | HP: 1/102 [killer bee (6)]
  5849 | D:6      | Succumbed to a killer bee's poison

Illustrated notes

Levels and vault maps discovered:
D:1:      dpeg_arrival_ratfight, layout_basic
D:2:      wander_river, layout_basic, serial_shops, shop, st_stairs_7,
          minivault_14, uniq_sigmund
D:3:      layout_loops_corners, kennysheep_generic_room_5
D:4:      layout_rooms, kennysheep_mini_moat, lemuel_temple_firewalk_b,
          uniq_grinder
D:5:      layout_basic, lemuel_flame_loot_1, uniq_pikel, uniq_edmund
D:6:      layout_cave_pools, serial_bayou_pond_e, uniq_prince_ribbit1,
          uniq_jeremiah, uniq_duvessa
D:7:      layout_loops_ring, minitemple
Temple:   compressed_dpeg_circular_temple

Skill      XL: |  1  2  3  4  5  6  7  8  9 |
---------------+----------------------------+-----
Short Blades   | 1 2 3 4 |  4.4
Long Blades    | 1 2 3 4 |  4.4
Axes           | 1 2 3 4 |  4.4
Maces & Flails | 1 2 3 4 |  4.4
Polearms       | 1 2 3 4 |  4.4
Staves         | 1 2 3 4 |  4.4
Ranged Weapons | 1 2 3 4 |  4.4
Throwing       | 1 2 3 4 |  4.4
Armour         | 1 2 3 4 |  4.4
Stealth        | 1 2 3 4 |  4.4
Shields        | 1 2 3 4 |  4.4
Spellcasting   | 1 2 3 4 |  4.4
Invocations    | 1 2 3 4 |  4.8
Evocations     | 1 2 3 4 |  4.4
Conjurations   | 1 2 3 |  3.6
Hexes          | 1 2 3 |  3.6
Summonings     | 1 2 3 |  3.6
Necromancy     | 1 2 3 |  3.6
Translocations | 1 2 3 |  3.6
Fire Magic     | 1 2 3 |  3.6
Ice Magic      | 1 2 3 |  3.6
Air Magic      | 1 2 3 |  3.6
Earth Magic    | 1 2 3 |  3.6
Alchemy        | 1 2 3 |  3.6
Fighting       | 3 4 5 |  5.1
Dodging        | 5 6 |  6.4
Unarmed Combat | 7 8 |  8.0
Shapeshifting  | 7 |  7.7

Action                     |  1- 3 |  4- 6 |  7- 9 || total
---------------------------+-------+-------+-------++-------
  Melee: Unarmed           |    36 |   136 |   213 ||   385
         Bite              |     3 |    16 |    28 ||    47
         Punch             |       |     3 |     7 ||    10
  Throw: Boomerang         |       |       |     9 ||     9
   Cast: Foxfire           |       |       |     5 ||     5
         Fugue of the Fall |       |       |     2 ||     2
    Use: Potion            |     1 |     3 |     2 ||     6
         Scroll            |       |     4 |     4 ||     8
 Armour: Animal skin       |     2 |       |       ||     2
         Chain mail        |    21 |    82 |   128 ||   231
         Skin              |     7 |       |    29 ||    36
  Dodge: Dodged            |     4 |    40 |   100 ||   144
   Form: Flux              |       |       |     2 ||     2
         Beast             |       |       |     1 ||     1

Table legend: (Time is in decaauts)
 A = Elapsed time spent in this place.
 B = Non-inter-level travel time spent in this place.
 C = Inter-level travel time spent in this place.
 D = Time resting spent in this place.
 E = Time spent auto-exploring this place.
 F = Levels seen in this place.
 G = Mean time per level.
                   A        B        C        D        E       F      G
               +--------+--------+--------+--------+--------+-----+--------+
         Total |   5836 |   5687 |    149 |    868 |   2514 |   8 |  729.5 |
       Dungeon |   5722 |   5573 |    149 |    868 |   2514 |   7 |  817.4 |
        Temple |    113 |    113 |      0 |      0 |      0 |   1 |  113.0 |
               +--------+--------+--------+--------+--------+-----+--------+

Top non-repeatable levels by time:
     D:5: 1736 daAuts
     D:3: 1191 daAuts
     D:2: 946 daAuts
     D:4: 759 daAuts
     D:1: 736 daAuts
     D:6: 183 daAuts
     D:7: 169 daAuts
  Temple: 113 daAuts
